Selects Panzerjäger Kommand Battlegroup
Construct Light Support Kompanie
Selects GrB 39 Grenade Launcher Requisition
Panzerjäger Mechanized Group
Construct Panzerarmee Kommand
Selects Crew Shock Tactics
Walking Stuka Rocket Launcher
Pak 38 Anti-tank Gun Team
Selects Defensive Positions
Selects Anti-tank Overwatch
Kradschützen Motorcycle Team
Selects Butterfly Bomb Drop
Construct Mechanized Kompanie
18-tonne Recovery Half-track